 Dungeon Crawl Stone Soup version 0.20-a0-731-gecde0bf (webtiles) character file.

39 Alarkh the Skirmisher (level 3, 25/29 HPs)
             Began as a Demonspawn Monk on Feb 22, 2017.
             Quit the game on level 2 of the Dungeon.
             The game lasted 00:01:08 (1677 turns).

Alarkh the Skirmisher (Demonspawn Monk)             Turns: 1677, Time: 00:01:09

Health: 25/29      AC:  2    Str: 11      XL:     3   Next: 26%
Magic:  3/3        EV: 13    Int: 10 (12) God:
Gold:   74         SH:  0    Dex: 14 (15) Spells: 2/2 levels left

rFire    . . .     SeeInvis .   a - +0 falchion
rCold    . . .     Gourm    .   b - +0 robe
rNeg     . . .     Faith    .   (no shield)
rPois    .         Spirit   .   (helmet restricted)
rElec    .         Reflect  .   (no cloak)
rCorr    .         Harm     .   (no gloves)
MR       .....                  (no boots)
Stlth    +++.......             (no amulet)
Regen    0.1/turn               (no ring)
MPRegen  0.1/turn               (no ring)

@: no status effects
A: claws 1, horns 1, talons 1, deterioration 1, nightstalker 1
a: no special abilities


You were on level 2 of the Dungeon.
You were not hungry.

You visited 1 branch of the dungeon, and saw 2 of its levels.

You collected 74 gold pieces.

Inventory:

Hand Weapons
 a - a +0 falchion (weapon)
Armour
 b - a +0 robe (worn)
Scrolls
 d - a scroll of blinking {unknown}
 e - 2 scrolls of identify
 h - a scroll of random uselessness {unknown}
 k - 5 scrolls of teleportation
Comestibles
 c - 2 bread rations
 f - 2 chunks of flesh
 g - 2 meat rations


   Skills:
 + Level 3.4 Fighting
 * Level 3.3 Long Blades
 + Level 3.0 Dodging
 - Level 1.7 Stealth


You had 2 spell levels left.
You didn't know any spells.

Dungeon Overview and Level Annotations

Branches:
Dungeon (2/15)

Altars:
Ashenzari
The Shining One


Innate Abilities, Weirdness & Mutations

You have sharp fingernails.
You are slightly more attuned to the shadows.
You have a pair of small horns on your head.
You have sharp toenails.
Your body sometimes deteriorates upon taking damage.


Message History

A goblin is nearby!
A goblin is nearby!
As you read the scroll labeled BECOIHUAMO, it crumbles to dust.
It is a scroll of identify.
k - 5 scrolls of teleportation The goblin shouts!
You hit the goblin but do no damage. The goblin hits you but does no damage.
The goblin hits you with a dagger.
Your body deteriorates!
You feel dopey.
You closely miss the goblin. The goblin hits you with a dagger.
You hit the goblin. You claw the goblin, but do no damage.
The goblin is severely wounded.
The goblin barely misses you.
You riposte.
You barely miss the goblin. You headbutt the goblin.
You kill the goblin!
No target in view!
No target in view!
No target in view!
No target in view!
Are you sure you want to abandon this character and quit the game? (Confirm with "yes".)

#.#.#...#.#.# #.#
..#.....#.#.# # #.#
###....<#.#.# #.#.#####
###....##.#.###.#.....#
#.........#.....#.....#
#.#.<#.####...........###
#.#....#.................
#......#.##.#####.#+#####
########@.#.# #.#.#....
......).#.# #.#.#.###
#########.#####.#.#.#
.............#.#.###
######.........#....
.............######
############.# # #.# #
#.# #


There were no monsters in sight!

Vanquished Creatures
  An adder (D:2)
  A worm (D:2)
  2 leopard geckos
  2 bats (D:2)
  2 giant cockroaches (D:2)
  4 goblins
  4 hobgoblins
  3 frilled lizards
  4 kobolds
  A rat (D:1)
24 creatures vanquished.

Notes
Turn   | Place    | Note
-------+----------+-------------------------------------------
     0 | D:1      | Alarkh the Demonspawn Monk began the quest for the Orb.
     0 | D:1      | Reached XP level 1. HP: 18/18 MP: 1/1
   645 | D:1      | Gained mutation: Your body sometimes deteriorates upon taking damage. [potion of mutation]
   645 | D:1      | Gained mutation: You have sharp toenails. [potion of mutation]
   645 | D:1      | Gained mutation: You have a pair of small horns on your head. [potion of mutation]
   926 | D:1      | Gained mutation: You are slightly more attuned to the shadows. [demonic ancestry]
   926 | D:1      | Reached XP level 2. HP: 24/24 MP: 2/2
  1434 | D:2      | Gained mutation: You have sharp fingernails. [demonic ancestry]
  1434 | D:2      | Reached XP level 3. HP: 29/29 MP: 3/3
  1500 | D:2      | Found a glowing golden altar of the Shining One.
  1536 | D:2      | Found a shattered altar of Ashenzari.
  1677 | D:2      | Quit the game

Vault maps used:
D:1:      kilobyte_arrival_exit_the_forest
D:2:      old_standard_altar, tso_altar

Skill      XL: |  1  2 |
---------------+-------+-----
Long Blades    | 3 |  3.3
Dodging        | 3 |  3.0
Fighting       | |  3.4
Stealth        | |  1.7

Action                   || total
-------------------------++-------
Melee: Falchion          ||    75
       Kick              ||    16
       Headbutt          ||     3
  Use: Potion            ||     3
       Scroll            ||     1
 Stab: Sleeping          ||     7
  Eat: Chunk             ||     2
Armor: Robe              ||    12
Dodge: Dodged            ||    56
       Rpst.: Falchion   ||    18
